 Dungeon Crawl Stone Soup version 0.23-a0-183-gf37f6fb (webtiles) character file.

210 HerrDoktor the Insei (level 5, -1/37 HPs)
             Began as a Merfolk Transmuter on Sept 21, 2018.
             Was a Follower of Wu Jian.
             Slain by an ogre
             ... wielding a +0 giant club
              (15 damage)
             ... on level 4 of the Dungeon on Sept 22, 2018.
             The game lasted 00:15:19 (4246 turns).

HerrDoktor the Insei (Merfolk Transmuter)           Turns: 4246, Time: 00:15:19

Health: -1/37      AC:  3    Str: 11    XL:     5   Next: 87%
Magic:  9/9        EV: 14    Int: 12    God:    Wu Jian [*.....]
Gold:   196        SH:  0    Dex: 15    Spells: 0/10 levels left

rFire    . . .     SeeInvis .     - Unarmed
rCold    . . .     Gourm    .   (no shield)
rNeg     . . .     Faith    .   b - +1 robe
rPois    .         Spirit   .   (no helmet)
rElec    .         Reflect  .   (no cloak)
rCorr    .         Harm     .   (no gloves)
MR       .....                  (no boots)
Stlth    ++........             (no amulet)
HPRegen  0.12/turn              (no ring)
MPRegen  0.11/turn              (no ring)

@: lethally poisoned (-1 -> -5), appendage
A: change form in water, swift swim, stealthy swim, horns 2
a: End Transformation, Renounce Religion


You were on level 4 of the Dungeon.
You worshipped Wu Jian.
Wu Jian was aware of your devotion.
You were not hungry.
You had grown temporary horns.
You visited 1 branch of the dungeon, and saw 4 of its levels.

You collected 196 gold pieces.

Inventory:

Missiles
 a - 26 arrows
 i - 101 stones (quivered)
 j - 34 bolts
 l - 5 poisoned needles
 q - 2 javelins
Armour
 b - a +1 robe (worn)
 k - a +0 ring mail
Scrolls
 c - a scroll of identify
 g - a scroll of enchant armour
 h - 2 scrolls of remove curse
 p - a scroll of amnesia
Potions
 e - a potion of resistance {unknown}
 f - 3 potions of curing
 m - 2 potions of mutation
 n - 3 potions of haste
 o - 2 potions of berserk rage
Comestibles
 d - 6 rations


   Skills:
 + Level 1.5 Fighting
 + Level 3.4 Dodging
 + Level 1.1 Stealth
 + Level 4.9 Unarmed Combat
 + Level 3.0 Spellcasting
 + Level 4.3 Transmutations
 + Level 0.5 Poison Magic


You couldn't memorise any spells.
You knew the following spells:

 Your Spells              Type           Power        Failure   Level  Hunger
a - Beastly Appendage     Tmut           ##....       4%          1    #......
b - Sticks to Snakes      Tmut           ##......     6%          2    ###....
c - Spider Form           Tmut/Pois      #.........   26%         3    ###....
d - Ice Form              Ice/Tmut       #.......     69%         4    #####..

Your spell library contained the following spells:

 Spells                   Type           Power        Failure   Level  Hunger
 Blade Hands              Tmut           ##........   75%         5    ######.


Dungeon Overview and Level Annotations

Branches:
Dungeon (4/15)
 Temple: D:4-7

Altars:
Vehumet
Wu Jian
The Shining One


Innate Abilities, Weirdness & Mutations

You revert to your normal form in water.
You are very nimble and swift while swimming.
You are very stealthy in the water. (Stealth+)
You have a pair of horns on your head.


Message History

You feel sick. The hound skeleton closely misses you.
You completely miss the hound skeleton.
The hound skeleton is severely damaged.
You feel sick. The hound skeleton closely misses you.
You punch the hound skeleton!
You destroy the hound skeleton!
The Council accepts your kill.
You barely miss the ogre. You headbutt the ogre!
The ogre is moderately wounded.
You feel sick. The ogre barely misses you.
You punch the ogre! You headbutt the ogre.
The ogre is heavily wounded.
The ogre hits you with a giant club!
You completely miss the ogre.
The ogre is heavily wounded.
You feel sick.
You hit the ogre.
The ogre is severely wounded.
The ogre hits you with a giant club!
You die...

... #. . ###
###.####.
#......#.
#....... ###
#......##....
###............
.......s..S..s=
#O# #@# ###


You could see an ogre and a giant cockroach.

Vanquished Creatures
  Terence (D:3)
  A hound skeleton (D:4)
  3 adders
  6 gnolls (D:3)
  A dart slug (D:1)
  3 worms (D:3)
  A leopard gecko (D:1)
  6 orcs
  3 bats
  A giant cockroach (D:3)
  3 goblins
  8 hobgoblins
  3 jackals (D:1)
  7 quokkas
  A ball python (D:1)
  9 frilled lizards
  5 kobolds
  9 rats
71 creatures vanquished.

Notes
Turn   | Place    | Note
-------+----------+-------------------------------------------
     0 | D:1      | HerrDoktor the Merfolk Transmuter began the quest for the
                  | Orb.
     0 | D:1      | Reached XP level 1. HP: 15/15 MP: 3/3
   246 | D:1      | Reached XP level 2. HP: 21/21 MP: 3/5
   374 | D:1      | Learned a level 2 spell: Sticks to Snakes
   931 | D:1      | Reached XP level 3. HP: 26/26 MP: 4/6
  1121 | D:1      | Learned a level 3 spell: Spider Form
  1371 | D:2      | HP: 1/26 [poisoned by an adder]
  1862 | D:2      | Found an ornate altar of the Wu Jian Council.
  2458 | D:3      | Reached XP level 4. HP: 23/32 MP: 0/7
  2485 | D:2      | Became a worshipper of the Wu Jian Council
  2602 | D:3      | Noticed Terence
  2614 | D:3      | Killed Terence
  2614 | D:3      | Reached XP level 5. HP: 37/37 MP: 5/9
  2948 | D:3      | Reached skill level 1 in Stealth
  3194 | D:3      | Reached * piety under Wu Jian
  3499 | D:3      | Found a glowing golden altar of the Shining One.
  3529 | D:3      | Found a radiant altar of Vehumet.
  3742 | D:3      | Learned a level 4 spell: Ice Form
  3981 | D:4      | Noticed an ogre
  4246 | D:4      | Slain by an ogre

Vault maps used:
D:1:      roderic_crossed_star
D:2:      nicolae_overflow_hidden_temple
D:3:      wad_woods_tower, marbit_many_paths, roderic_serpentine_path,
          tso_altar, uniq_terence
D:4:      kennysheep_mini, first_ration, okawaru_trees_2

Skill      XL: |  1  2  3  4  5 |
---------------+----------------+-----
Transmutations | 3 4 |  4.3
Unarmed Combat | 4 |  4.9
Dodging        | 3 |  3.4
Stealth        | 1 |  1.1
Spellcasting   | 3 |  3.0
Fighting       | |  1.5
Poison Magic   | |  0.5

Action                   |  1- 3 |  4- 6 || total
-------------------------+-------+-------++-------
Melee: Unarmed           |   131 |   103 ||   234
       Headbutt          |    12 |     8 ||    20
Throw: Stone             |     1 |       ||     1
 Cast: Beastly Appendage |    26 |     5 ||    31
       Sticks to Snakes  |     1 |       ||     1
       Spider Form       |     2 |    13 ||    15
Invok: Lunge             |       |    12 ||    12
       Whirlwind         |       |     1 ||     1
  Use: Scroll            |     8 |     2 ||    10
       Potion            |     1 |       ||     1
 Stab: Sleeping          |       |     1 ||     1
  Eat: Chunk             |     5 |     5 ||    10
       Ration            |       |     1 ||     1
Armor: Robe              |    16 |     4 ||    20
       Ring mail         |     1 |       ||     1
       Skin              |     1 |       ||     1
Dodge: Dodged            |    88 |    74 ||   162

Table legend:
 A = Non-vault XP
 B = Vault XP
 C = Vault XP percentage of total XP
 D = Non-vault monster count
 E = Vault monster count
 F = Vault count percentage of total count
                 A         B        C        D         E       F
            +---------+---------+-------+---------+---------+-------
      Total |     227 |      73 |  24.3 |      63 |       8 |  11.3
            +---------+---------+-------+---------+---------+-------
        D:1 |      40 |       0 |   0.0 |      24 |       0 |   0.0
        D:2 |      35 |       0 |   0.0 |      13 |       0 |   0.0
        D:3 |     118 |      73 |  38.2 |      24 |       8 |  25.0
        D:4 |      34 |       0 |   0.0 |       2 |       0 |   0.0
            +---------+---------+-------+---------+---------+-------
